 Dungeon Crawl Stone Soup version 0.21-a0-615-g8e08f28 (webtiles) character file.

1002 polly the Cudgeler (level 8, 44/61 HPs)
             Began as a Demonspawn Berserker on Dec 23, 2017.
             Was a Priest of Trog.
             Quit the game on level 5 of the Dungeon.
             The game lasted 00:05:24 (5157 turns).

polly the Cudgeler (Demonspawn Berserker)           Turns: 5157, Time: 00:05:24

Health: 44/61      AC:  8    Str: 18    XL:     8   Next: 0%
Magic:  7/8        EV:  9    Int:  8    God:    Trog [***...]
Gold:   115        SH:  0    Dex: 15    Spells: 7/7 levels left

rFire    . . .     SeeInvis .   a - +0 mace
rCold    . . .     Gourm    .   (no shield)
rNeg     . . .     Faith    .   x - +0 chain mail
rPois    .         Spirit   +   (no helmet)
rElec    .         Reflect  .   (no cloak)
rCorr    .         Harm     .   (no gloves)
MR       .....                  (no boots)
Stlth    ..........             (no amulet)
HPRegen  0.20/turn              (no ring)
MPRegen  0.22/turn              (no ring)

@: no status effects
A: claws 2, spiny 1, magic shield, magic regeneration
a: Berserk, Trog's Hand, Burn Spellbooks, Renounce Religion


You were on level 5 of the Dungeon.
You worshipped Trog.
Trog was most pleased with you.
You were not hungry.

You visited 2 branches of the dungeon, and saw 6 of its levels.
You also visited: Sewer.

You collected 115 gold pieces.

Inventory:

Hand Weapons
 a - a +0 mace (weapon)
Armour
 b - a +0 animal skin
 x - a +0 chain mail (worn)
Jewellery
 f - an uncursed ring of positive energy {unknown}
 l - a cursed ring of positive energy {unknown}
 n - an uncursed ring of protection from cold {unknown}
 p - an uncursed ring of poison resistance {unknown}
Wands
 q - a wand of flame (26)
Scrolls
 d - 3 scrolls of teleportation {unknown}
 g - 3 scrolls of fog {unknown}
 h - a scroll of enchant armour {unknown}
 i - 2 scrolls of immolation {unknown}
 j - 10 scrolls of identify {unknown}
 k - a scroll of blinking {unknown}
 r - 2 scrolls of remove curse {unknown}
 w - a scroll of fear {unknown}
 y - a scroll of amnesia {unknown}
 z - a scroll of magic mapping {unknown}
Potions
 e - a potion of resistance
 m - 6 potions of curing {unknown}
 o - 4 potions of haste {unknown}
 s - a potion of might {unknown}
 t - a potion of brilliance {unknown}
 u - 7 potions of heal wounds {unknown}
 v - 2 potions of flight {unknown}
 A - a potion of degeneration {unknown}
Comestibles
 c - 5 rations
 B - a chunk of flesh


   Skills:
 + Level 4.9 Fighting
 + Level 6.2 Maces & Flails
 + Level 2.4 Armour
 + Level 4.1 Dodging
 + Level 2.8 Stealth


You had 7 spell levels left.
You didn't know any spells.

Dungeon Overview and Level Annotations

Branches:
Dungeon (5/15)             Temple (1/1) D:4

Altars:
Makhleb


Innate Abilities, Weirdness & Mutations

You have very sharp fingernails.
You are partially covered in sharp spines.
When hurt, damage is shared between your health and your magic reserves.
You regenerate magic rapidly.


Message History

You hit the water moccasin.
The water moccasin is heavily wounded.
The water moccasin bites you but does no damage.
The water moccasin is struck by your spines.
The water moccasin misses you.
You sock the water moccasin!
The water moccasin is almost dead.
The water moccasin is struck by your spines.
You kill the water moccasin!
Trog accepts your kill.
You have reached level 8!
You feel agile.
Your demonic ancestry asserts itself...
You feel your magic shroud grow more resilient.
Found a leather armour.
A shadow imp comes into view.
The shadow imp shouts!
The shadow imp grinds its teeth.
A shadow imp is nearby!
Autopickup is now off.
Are you sure you want to abandon this character and quit the game? (Confirm with "yes".)

##...........##
######...####
###....##
###...# #.#...#
#.###.# #..# ..
##.#####...
#..@.....5.
#............
....#.......#..
#...##.......#
###. #.......#
[ ........# #
.........#
#.........#


You could see a shadow imp.

Vanquished Creatures
  A water moccasin (D:5)
  An ogre (D:5)
  The ghost of Ofeo the Sneak, an amateur OpAs (D:3)
  4 big kobolds (Sewer)
  A scorpion (D:4)
  A hound (D:2)
  A centaur skeleton (D:4)
  Natasha (thrice) (D:2)
  4 worker ants
  6 adders
  2 oozes
  5 worms
  2 dart slugs
  3 leopard geckos
  An orc (D:3)
  3 ball pythons
  9 giant cockroaches
  9 goblins
  7 hobgoblins
  4 jackals (D:3)
  3 quokkas
  10 bats
  5 frilled lizards
  17 kobolds
  A quokka skeleton (D:4)
  12 rats
116 creatures vanquished.

Notes
Turn   | Place    | Note
-------+----------+-------------------------------------------
     0 | D:1      | polly the Demonspawn Berserker began the quest for the Orb.
     0 | D:1      | Reached XP level 1. HP: 18/18 MP: 1/1
   119 | D:1      | Gained mutation: You have sharp fingernails. [demonic ancestry]
   119 | D:1      | Reached XP level 2. HP: 21/24 MP: 2/2
   277 | D:1      | Reached skill level 3 in Maces & Flails
   751 | D:1      | Reached ** piety under Trog
   751 | D:1      | Reached XP level 3. HP: 28/29 MP: 3/3
  1936 | D:2      | Noticed Natasha
  1942 | D:2      | Killed Natasha
  1942 | D:2      | Gained mutation: You have very sharp fingernails. [demonic ancestry]
  1942 | D:2      | Reached XP level 4. HP: 17/37 MP: 4/4
  2017 | D:2      | Noticed Natasha
  2027 | D:2      | Killed Natasha
  2027 | D:2      | Reached skill level 1 in Stealth
  2361 | D:2      | Reached skill level 4 in Maces & Flails
  2629 | D:2      | Gained mutation: You are partially covered in sharp spines. [demonic ancestry]
  2629 | D:2      | Reached XP level 5. HP: 41/42 MP: 5/5
  2989 | D:2      | Found a burning altar of Makhleb.
  3269 | D:2      | Noticed Natasha
  3275 | D:2      | Killed Natasha
  3530 | D:3      | Noticed Ofeo's ghost (amateur OpAs)
  3544 | D:3      | Killed Ofeo's ghost
  3544 | D:3      | Reached XP level 6. HP: 27/48 MP: 6/6
  3733 | D:3      | Found a glowing drain.
  3746 | Sewer    | Entered a sewer
  3828 | Sewer    | Reached *** piety under Trog
  3871 | Sewer    | Reached skill level 5 in Maces & Flails
  3950 | Sewer    | Gained mutation: When hurt, damage is shared between your health and your magic reserves. [demonic ancestry]
  3950 | Sewer    | Reached XP level 7. HP: 37/55 MP: 7/7
  4963 | D:4      | Found a staircase to the Ecumenical Temple.
  5030 | Temple   | Entered the Ecumenical Temple
  5097 | D:5      | Entered Level 5 of the Dungeon
  5110 | D:5      | Reached skill level 6 in Maces & Flails
  5152 | D:5      | Gained mutation: You regenerate magic rapidly. [demonic ancestry]
  5152 | D:5      | Reached XP level 8. HP: 44/61 MP: 6/8
  5157 | D:5      | Quit the game

Vault maps used:
D:1:      matt_arrival_los_fun, glass_columns_b
D:2:      kb_forest_paths, makhleb_blood_cavern_becter, uniq_natasha
D:3:      cheibrodos_sewer_entry_drain, mrwooster_statue_mirror
D:4:      temple_statues, first_ration
D:5:      uniq_prince_ribbit1
Temple:   dpeg_five_rooms_temple
Sewer:    kennysheep_pipe_town

Skill      XL: |  1  2  3  4  5  6  7 |
---------------+----------------------+-----
Maces & Flails | 3 4 5 6 |  6.2
Dodging        | 2 3 4 |  4.1
Stealth        | 1 2 |  2.8
Fighting       | 4 |  4.9
Armour         | 2 |  2.4

Action                   |  1- 3 |  4- 6 |  7- 9 || total
-------------------------+-------+-------+-------++-------
Melee: Mace              |   133 |   136 |    74 ||   343
Invok: Berserk           |     3 |     2 |     1 ||     6
  Use: Potion            |     3 |       |       ||     3
 Stab: Sleeping          |     2 |     3 |       ||     5
  Eat: Chunk             |     1 |     7 |     5 ||    13
       Ration            |     1 |     1 |       ||     2
Armor: Animal skin       |    31 |    29 |     2 ||    62
       Skin              |     3 |       |       ||     3
       Chain mail        |       |       |    21 ||    21
Dodge: Dodged            |   120 |   104 |    36 ||   260

Table legend:
 A = Spawn XP
 B = Non-spawn XP
 C = Spawn XP percentage of total XP
 D = Spawn monster count
 E = Non-spawn monster count
 F = Spawn count percentage of total count
 G = Total turns spent on level
                    A         B        C        D         E        F      G
               +---------+---------+-------+---------+---------+-------+---------
         Total |       0 |    1432 |   0.0 |       0 |     116 |   0.0 |  5157
               +---------+---------+-------+---------+---------+-------+---------
           D:1 |       0 |      51 |   0.0 |       0 |      27 |   0.0 |  1172
           D:2 |       0 |     241 |   0.0 |       0 |      33 |   0.0 |  2343
           D:3 |       0 |     167 |   0.0 |       0 |      16 |   0.0 |   577
           D:4 |       0 |     241 |   0.0 |       0 |      13 |   0.0 |   648
           D:5 |       0 |     306 |   0.0 |       0 |       3 |   0.0 |    60
         Sewer |       0 |     426 |   0.0 |       0 |      24 |   0.0 |   355
               +---------+---------+-------+---------+---------+-------+---------
